| TOP OF THE 1ST |
|
Oakland Athletics batting - Pitching for Boston Red Sox : LHP Dom Chiti
|
|
Pitching: LHP Dom Chiti
|
|
|
Batting: RHB Willie Randolph
|
0-0: Fly out, F9 (Flyball, 9S, EV 84.4 MPH)
|
|
Batting: RHB Toby Harrah
|
0-0: Called Strike 0-1: Ground out 6-3 (Groundball, 6, EV 81.3 MPH)
|
|
Batting: LHB Ruppert Jones
|
0-0: Foul Ball, location: 2F 0-1: Ball 1-1: Foul Ball, location: 2F 1-2: Ball 2-2: Foul Ball, location: 2F 2-2: Ball 3-2: Ground out 4-3 (Groundball, 34D, EV 100.0 MPH)
|
| Top of the 1st over - 0 runs, 0 hits, 0 errors, 0 left on base; Oakland 0 - Boston 0 |
| BOTTOM OF THE 1ST |
|
Boston Red Sox batting - Pitching for Oakland Athletics : RHP Sammy Stewart
|
|
Pitching: RHP Sammy Stewart
|
|
|
Batting: RHB Richie Zisk
|
0-0: Called Strike 0-1: Ball 1-1: Fly out, F7 (Flyball, 7, EV 77.5 MPH)
|
|
Batting: LHB Willie Aikens
|
0-0: Ball 1-0: Ball 2-0: Called Strike 2-1: Foul Ball, location: 2F 2-2: Foul Ball, location: 2F 2-2: Foul Ball, location: 2F 2-2: SINGLE (Groundball, 25, EV 75.6 MPH) (infield hit)
|
|
Batting: SHB Harry Chappas
|
0-0: Called Strike 0-1: Foul Ball, location: 2F 0-2: Ball 1-2: Fielders Choice at 2nd, 1-6 (Groundball, 34S, EV 66.3 MPH)
|
|
Batting: LHB George Brett
|
0-0: Foul Ball, location: 2F 0-1: Ball 1-1: Ball 2-1: Ball 3-1: Foul Ball, location: 2F 3-2: Foul Ball, location: 2F 3-2: Foul Ball, location: 2F 3-2: Ground out 4-3 (Groundball, 4M, EV 109.4 MPH)
|
| Bottom of the 1st over - 0 runs, 1 hit, 0 errors, 1 left on base; Oakland 0 - Boston 0 |
| TOP OF THE 2ND |
|
Oakland Athletics batting - Pitching for Boston Red Sox : LHP Dom Chiti
|
|
Batting: RHB George Hendrick
|
0-0: Swinging Strike 0-1: Swinging Strike 0-2: Strikes out looking
|
|
Batting: LHB Ben Oglivie
|
0-0: Called Strike 0-1: Ball 1-1: Called Strike 1-2: Foul Ball, location: 2F 1-2: Foul Ball, location: 2F 1-2: Ball 2-2: Fly out, F9 (Flyball, 9S, EV 83.1 MPH)
|
|
Batting: LHB Reggie Jackson
|
0-0: Called Strike 0-1: Foul Ball, location: 2F 0-2: Strikes out swinging
|
| Top of the 2nd over - 0 runs, 0 hits, 0 errors, 0 left on base; Oakland 0 - Boston 0 |
| BOTTOM OF THE 2ND |
|
Boston Red Sox batting - Pitching for Oakland Athletics : RHP Sammy Stewart
|
|
Batting: RHB Jeff Burroughs
|
0-0: Fly out, F9 (Flyball, 9, EV 94.4 MPH)
|
|
Batting: LHB Claudell Washington
|
0-0: Called Strike 0-1: Ball 1-1: Ball 2-1: Ground out 5-3 (Groundball, 56, EV 100.0 MPH)
|
|
Batting: LHB Karl Pagel
|
0-0: Foul Ball, location: 2F 0-1: Called Strike 0-2: Ball 1-2: Foul Ball, location: 2F 1-2: Strikes out swinging
|
| Bottom of the 2nd over - 0 runs, 0 hits, 0 errors, 0 left on base; Oakland 0 - Boston 0 |
| TOP OF THE 3RD |
|
Oakland Athletics batting - Pitching for Boston Red Sox : LHP Dom Chiti
|
|
Batting: RHB Dave Henderson
|
0-0: Called Strike 0-1: Ball 1-1: Ball 2-1: Called Strike 2-2: Ground out 4-3 (Groundball, 4D, EV 85.0 MPH)
|
|
Batting: RHB Barry Foote
|
0-0: Ball 1-0: Fly out, F8 (Flyball, 8LD, EV 103.8 MPH)
|
|
Batting: RHB Scott Fletcher
|
0-0: Ball 1-0: Swinging Strike 1-1: Ball 2-1: Swinging Strike 2-2: Foul Ball, location: 2F 2-2: SINGLE (Groundball, 34D, EV 106.9 MPH)
|
|
Batting: RHB Willie Randolph
|
0-0: Ball 1-0: Foul Ball, location: 2F 1-1: Ball 2-1: SINGLE (Groundball, 4MD, EV 100.0 MPH) Scott Fletcher to second Runner from 2nd tries for 3rd, SAFE, no throw by CF
|
|
Batting: RHB Toby Harrah
|
0-0: Ball 1-0: Foul Ball, location: 2F 1-1: Foul Ball, location: 2F 1-2: Foul Ball, location: 2F 1-2: Foul Ball, location: 2F 1-2: Ball 2-2: Fly out, F8 (Line Drive, 8RD, EV 88.8 MPH)
|
| Top of the 3rd over - 0 runs, 2 hits, 0 errors, 2 left on base; Oakland 0 - Boston 0 |
| BOTTOM OF THE 3RD |
|
Boston Red Sox batting - Pitching for Oakland Athletics : RHP Sammy Stewart
|
|
Batting: SHB Scotti Madison
|
0-0: Ball 1-0: Ball 2-0: Called Strike 2-1: Ball 3-1: Swinging Strike 3-2: Ground out 4-3 (Groundball, 4M, EV 110.6 MPH)
|
|
Batting: SHB Nelson Norman
|
0-0: Called Strike 0-1: SINGLE (Groundball, 4MD, EV 101.9 MPH)
|
|
Batting: RHB Richie Zisk
|
0-0: Called Strike 0-1: Ball 1-1: Swinging Strike 1-2: Ball 2-2: Foul Ball, location: 2F 2-2: Foul Ball, location: 2F 2-2: Foul Ball, location: 2F 2-2: Ball 3-2: Base on Balls Nelson Norman to second
|
|
Batting: LHB Willie Aikens
|
0-0: Foul Ball, location: 2F 0-1: Foul Ball, location: 2F 0-2: Foul Ball, location: 2F 0-2: Fly out, F8 (Flyball, 89D, EV 91.3 MPH) Runner from 2nd tags up, SAFE at 3rd, no throw by CF
|
|
Batting: SHB Harry Chappas
|
0-0: Ground out 4-3 (Groundball, 4, EV 91.3 MPH)
|
| Bottom of the 3rd over - 0 runs, 1 hit, 0 errors, 2 left on base; Oakland 0 - Boston 0 |
| TOP OF THE 4TH |
|
Oakland Athletics batting - Pitching for Boston Red Sox : LHP Dom Chiti
|
|
Batting: LHB Ruppert Jones
|
0-0: SINGLE (Line Drive, 7S, EV 88.1 MPH)
|
|
Batting: RHB George Hendrick
|
0-0: Ball 1-0: Ball 2-0: DOUBLE (Flyball, 8LXD, EV 110.6 MPH) Ruppert Jones to third Runner from 3rd tries for Home, SAFE, no throw by CF
|
|
Batting: LHB Ben Oglivie
|
0-0: Called Strike 0-1: Called Strike 0-2: Foul Ball, location: 2F 0-2: Ball Wild Pitch! George Hendrick to third 1-2: Foul Ball, location: 2F 1-2: Foul Ball, location: 2F 1-2: Ball 2-2: Ground out 6-3 (Groundball, 6, EV 90.6 MPH) George Hendrick scores
|
|
Batting: LHB Reggie Jackson
|
0-0: Ball 1-0: Ground out 6-3 (Groundball, 6MD, EV 83.1 MPH)
|
|
Batting: RHB Dave Henderson
|
0-0: Called Strike 0-1: SINGLE (Line Drive, 4MD, EV 96.3 MPH)
|
|
Batting: RHB Barry Foote
|
0-0: Foul Ball, location: 2F 0-1: Ball 1-1: Ball Dave Henderson is caught stealing 2nd base 2-4
|
| Top of the 4th over - 2 runs, 3 hits, 0 errors, 0 left on base; Oakland 2 - Boston 0 |
| BOTTOM OF THE 4TH |
|
Boston Red Sox batting - Pitching for Oakland Athletics : RHP Sammy Stewart
|
|
Batting: LHB George Brett
|
0-0: Called Strike 0-1: Foul Ball, location: 2F 0-2: Ball 1-2: Ball 2-2: Foul Ball, location: 2F 2-2: Foul Ball, location: 2F 2-2: Ball 3-2: Base on Balls
|
|
Batting: RHB Jeff Burroughs
|
0-0: Called Strike 0-1: Ball 1-1: Foul Ball, location: 2F 1-2: Ball 2-2: Foul Ball, location: 2F 2-2: Strikes out swinging
|
|
Batting: LHB Claudell Washington
|
0-0: Called Strike 0-1: Called Strike 0-2: Ball 1-2: Ball 2-2: Ball 3-2: Reached on error, E6 (Groundball, 56, EV 109.4 MPH) George Brett to second
|
|
Batting: LHB Karl Pagel
|
0-0: Called Strike 0-1: Ball 1-1: Fly out, F9 (Line Drive, 9, EV 110.6 MPH)
|
|
Batting: SHB Scotti Madison
|
0-0: Ball 1-0: Called Strike 1-1: Foul Ball, location: 2F 1-2: Fly out, F5 (Popup, 15, EV 85.6 MPH)
|
| Bottom of the 4th over - 0 runs, 0 hits, 1 error, 2 left on base; Oakland 2 - Boston 0 |
| TOP OF THE 5TH |
|
Oakland Athletics batting - Pitching for Boston Red Sox : LHP Dom Chiti
|
|
Batting: RHB Barry Foote
|
0-0: Foul Ball, location: 2F 0-1: Ball 1-1: Ball 2-1: Ball 3-1: Base on Balls
|
|
Batting: RHB Scott Fletcher
|
0-0: Ball 1-0: Ball 2-0: Called Strike 2-1: Swinging Strike 2-2: Foul Ball, location: 2F 2-2: Fly out, F9 (Line Drive, 9S, EV 92.5 MPH)
|
|
Batting: RHB Willie Randolph
|
0-0: Ball 1-0: Grounds into double play, 5-4-3 (Groundball, 5, EV 78.1 MPH)
|
| Top of the 5th over - 0 runs, 0 hits, 0 errors, 0 left on base; Oakland 2 - Boston 0 |
| BOTTOM OF THE 5TH |
|
Boston Red Sox batting - Pitching for Oakland Athletics : RHP Sammy Stewart
|
|
Batting: SHB Nelson Norman
|
0-0: Ground out 4-3 (Groundball, 4, EV 91.3 MPH)
|
|
Batting: RHB Richie Zisk
|
0-0: Ball 1-0: Ball 2-0: Called Strike 2-1: Called Strike 2-2: Ball 3-2: Foul Ball, location: 2F 3-2: Base on Balls
|
|
Batting: LHB Willie Aikens
|
0-0: Called Strike 0-1: Called Strike 0-2: Foul Ball, location: 2F 0-2: Ball 1-2: Ball 2-2: Ball 3-2: Fly out, F6 (Flyball, 56D, EV 88.8 MPH)
|
|
Batting: SHB Harry Chappas
|
0-0: Ball 1-0: Fly out, F4 (Line Drive, 4, EV 66.9 MPH)
|
| Bottom of the 5th over - 0 runs, 0 hits, 0 errors, 1 left on base; Oakland 2 - Boston 0 |
| TOP OF THE 6TH |
|
Oakland Athletics batting - Pitching for Boston Red Sox : LHP Dom Chiti
|
|
Batting: RHB Toby Harrah
|
0-0: Ball 1-0: Swinging Strike 1-1: Ball 2-1: Foul Ball, location: 2F 2-2: Foul Ball, location: 2F 2-2: Ball 3-2: Fly out, F7 (Line Drive, 7, EV 94.4 MPH)
|
|
Batting: LHB Ruppert Jones
|
0-0: Ball 1-0: Ball 2-0: Ball 3-0: Called Strike 3-1: Fly out, F9 (Flyball, 9D, EV 104.4 MPH)
|
|
Batting: RHB George Hendrick
|
0-0: Called Strike 0-1: Foul Ball, location: 2F 0-2: Foul Ball, location: 2F 0-2: Ball 1-2: Ball 2-2: Fly out, F7 (Flyball, 7S, EV 96.3 MPH)
|
| Top of the 6th over - 0 runs, 0 hits, 0 errors, 0 left on base; Oakland 2 - Boston 0 |
| BOTTOM OF THE 6TH |
|
Boston Red Sox batting - Pitching for Oakland Athletics : RHP Sammy Stewart
|
|
Batting: LHB George Brett
|
0-0: Called Strike 0-1: Ball 1-1: Ball 2-1: Ball 3-1: Foul Ball, location: 2F 3-2: Foul Ball, location: 2F 3-2: Base on Balls
|
|
Batting: RHB Jeff Burroughs
|
0-0: Fly out, F7 (Flyball, 78S, EV 83.1 MPH)
|
|
Batting: LHB Claudell Washington
|
0-0: Ball 1-0: Foul Ball, location: 2F 1-1: SINGLE (Groundball, 6S, EV 95.6 MPH) George Brett to second
|
|
Batting: LHB Karl Pagel
|
0-0: Foul Ball, location: 2F 0-1: Ball 1-1: Fly out, F7 (Line Drive, 7D, EV 99.4 MPH)
|
|
Batting: SHB Scotti Madison
|
0-0: Swinging Strike 0-1: Fly out, F7 (Flyball, 7, EV 82.5 MPH)
|
| Bottom of the 6th over - 0 runs, 1 hit, 0 errors, 2 left on base; Oakland 2 - Boston 0 |
| TOP OF THE 7TH |
|
Oakland Athletics batting - Pitching for Boston Red Sox : LHP Dom Chiti
|
|
Batting: LHB Ben Oglivie
|
0-0: DOUBLE (Line Drive, 7LD, EV 103.1 MPH)
|
|
Batting: LHB Reggie Jackson
|
0-0: Swinging Strike 0-1: Called Strike 0-2: Strikes out looking
|
|
Batting: RHB Dave Henderson
|
0-0: Intentional Walk
|
|
Pitching: RHP Luis Albo
|
|
|
Batting: RHB Barry Foote
|
0-0: Called Strike 0-1: Fly out, F7 (Flyball, 78S, EV 80.0 MPH)
|
|
Batting: RHB Scott Fletcher
|
0-0: Fielders Choice at 2nd, 5-4 (Groundball, 56, EV 102.5 MPH)
|
| Top of the 7th over - 0 runs, 1 hit, 0 errors, 2 left on base; Oakland 2 - Boston 0 |
| BOTTOM OF THE 7TH |
|
Boston Red Sox batting - Pitching for Oakland Athletics : RHP Sammy Stewart
|
|
Batting: SHB Nelson Norman
|
0-0: Foul Ball, location: 2F 0-1: Ground out 1-3 (Groundball, P, EV 66.3 MPH)
|
|
Batting: RHB Richie Zisk
|
0-0: Ball 1-0: Called Strike 1-1: Foul Ball, location: 2F 1-2: Ball 2-2: Ball 3-2: Fly out, F9 (Flyball, 9D, EV 97.5 MPH)
|
|
Batting: LHB Willie Aikens
|
0-0: Ball 1-0: Called Strike 1-1: Ball 2-1: Ball 3-1: Foul Ball, location: 2F 3-2: Foul Ball, location: 2F 3-2: Foul Ball, location: 2F 3-2: Base on Balls
|
|
Batting: SHB Harry Chappas
|
0-0: Fly out, F3 (Popup, 23F, EV 80.6 MPH)
|
| Bottom of the 7th over - 0 runs, 0 hits, 0 errors, 1 left on base; Oakland 2 - Boston 0 |
| TOP OF THE 8TH |
|
Oakland Athletics batting - Pitching for Boston Red Sox : RHP Luis Albo
|
|
Batting: RHB Willie Randolph
|
0-0: Called Strike 0-1: Foul Ball, location: 2F 0-2: Ball 1-2: Ground out 6-3 (Groundball, 6, EV 77.5 MPH)
|
|
Batting: RHB Toby Harrah
|
0-0: Foul Ball, location: 2F 0-1: Ball 1-1: Reached on error, E6 (Groundball, 6, EV 105.0 MPH)
|
|
Batting: LHB Ruppert Jones
|
0-0: Intentional Walk
|
|
Batting: RHB George Hendrick
|
0-0: Foul Ball, location: 2F 0-1: Ball 1-1: Ball 2-1: Swinging Strike 2-2: Strikes out swinging
|
|
Batting: LHB Ben Oglivie
|
0-0: Foul Ball, location: 2F 0-1: Called Strike 0-2: Ball 1-2: Foul Ball, location: 2F 1-2: Strikes out swinging
|
| Top of the 8th over - 0 runs, 0 hits, 1 error, 2 left on base; Oakland 2 - Boston 0 |
| BOTTOM OF THE 8TH |
|
Boston Red Sox batting - Pitching for Oakland Athletics : RHP Sammy Stewart
|
|
Batting: LHB George Brett
|
0-0: Ball 1-0: DOUBLE (Flyball, 8RXD, EV 95.6 MPH)
|
|
Batting: RHB Jeff Burroughs
|
0-0: Ball Balk! George Brett to third 1-0: Ball 2-0: Foul Ball, location: 2F 2-1: Foul Ball, location: 2F 2-2: Ball 3-2: Base on Balls
|
|
Pitching: RHP Ron G Davis
|
|
|
Batting: LHB Claudell Washington
|
0-0: Foul Ball, location: 2F 0-1: Ball 1-1: Ball 2-1: Foul Ball, location: 2F 2-2: SINGLE (Groundball, 6D, EV 104.4 MPH) George Brett scores Jeff Burroughs to second
|
|
Pitching: LHP Gerald Tyler
|
|
|
Pinch Runner at 2nd Dave Collins:
|
|
|
Batting: LHB Karl Pagel
|
0-0: Swinging Strike 0-1: Foul Ball, location: 2F 0-2: Strikes out swinging
|
|
Batting: SHB Scotti Madison
|
0-0: Ball 1-0: Ball 2-0: Ball 3-0: Base on Balls Dave Collins to third Claudell Washington to second
|
|
Pinch Hitting: SHB Reggie Smith
|
0-0: Ball 1-0: Ball 2-0: Called Strike 2-1: Ball 3-1: Base on Balls Dave Collins scores Claudell Washington to third Scotti Madison to second
|
|
Batting: RHB Richie Zisk
|
0-0: Ball 1-0: Swinging Strike 1-1: Ball 2-1: Fly out, F8 (Flyball, 8LXD, EV 85.0 MPH) Runner from 3rd tags up, SCORES, no throw by CF Scotti Madison to third
|
|
Batting: LHB Willie Aikens
|
0-0: Called Strike 0-1: Called Strike 0-2: Strikes out swinging
|
| Bottom of the 8th over - 3 runs, 2 hits, 0 errors, 2 left on base; Oakland 2 - Boston 3 |
| TOP OF THE 9TH |
|
Oakland Athletics batting - Pitching for Boston Red Sox : RHP Luis Albo
|
|
Now at SS: Mark Grady
|
|
|
Now in CF: Daryl Sconiers
|
|
|
Now in RF: Devin Pike
|
|
|
Batting: LHB Reggie Jackson
|
0-0: Called Strike 0-1: Ball 1-1: Foul Ball, location: 2F 1-2: Ball 2-2: Strikes out swinging
|
|
Pitching: RHP Bruce Sutter
|
|
|
Batting: RHB Dave Henderson
|
0-0: Ball 1-0: Swinging Strike 1-1: Swinging Strike 1-2: Ball 2-2: Strikes out swinging
|
|
Pinch Hitting: RHB Earl C Williams
|
0-0: Swinging Strike 0-1: Swinging Strike 0-2: Strikes out swinging
|
| Top of the 9th over - 0 runs, 0 hits, 0 errors, 0 left on base; Oakland 2 - Boston 3 |
|